 Dungeon Crawl Stone Soup version 0.20-a0-9-g62d82d9 (console) character file.

212 lynn the Skirmisher (level 6, -3/51 HPs)
             Began as a Formicid Fighter on Nov 1, 2016.
             Slain by a worm (7 damage)
             ... on level 2 of the Dungeon.
             The game lasted 00:00:30 (1365 turns).

lynn the Skirmisher (Formicid Fighter)              Turns: 1365, Time: 00:00:31

Health: -3/51      AC:  6    Str: 20    XL:     6   Next: 14%
Magic:  6/6        EV:  7    Int:  8    God:
Gold:   78         SH:  9    Dex: 12    Spells: 0 memorised, 5 levels left

rFire  . . .     SeeInvis +     a - +0 war axe
rCold  . . .     Gourm    .     b - +0 scale mail
rNeg   . . .     Faith    .     c - +0 shield
rPois  .         Spirit   .     (helmet unavailable)
rElec  .         Reflect  .     (no cloak)
rCorr  .         Harm     .     (no gloves)
MR     .....                    (no boots)
Stlth  ..........               (no amulet)
                                (no ring)
                                (no ring)

@: no status effects
A: permanent stasis, dig shafts and tunnels, four strong arms, antennae 3
a: Dig, Shaft Self


You were on level 2 of the Dungeon.
You were hungry.

You visited 1 branch of the dungeon, and saw 2 of its levels.

You collected 78 gold pieces.

Inventory:

Hand Weapons
 a - a +0 war axe (weapon)
Armour
 b - a +0 scale mail (worn)
 c - a +0 shield (worn)
Scrolls
 e - a scroll of fog {unknown}
 g - 2 scrolls of amnesia {unknown}
 i - 2 scrolls of teleportation {unknown}
 j - a scroll of recharging {unknown}
 k - a scroll of blinking {unknown}
 m - a scroll of noise {unknown}
 n - 2 scrolls of random uselessness {unknown}
Potions
 d - a potion of might
 h - a potion of brilliance {unknown}
 l - a potion of mutation {unknown}
 o - a potion of curing {unknown}
Comestibles
 f - 2 bread rations


   Skills:
 + Level 5.4 Fighting
 + Level 4.3 Axes
 - Level 3.2 Armour
 - Level 3.6 Shields


You had 5 spell levels left.
You didn't know any spells.

Dungeon Overview and Level Annotations

Branches:
Dungeon (2/15)

Altars:
Makhleb


Innate Abilities, Weirdness & Mutations

You are under a permanent stasis effect.
You can dig through walls and to a lower floor.
Your four strong arms can wield two-handed weapons with a shield.
You have a pair of large antennae on your head. (SInv)


Message History

The worm is lightly wounded.
You slash the worm!
The worm is severely wounded.
You feel sick.
You are no longer poisoned.
You block the worm's attack.
You hit the worm.
The worm is almost dead.
The worm bites you!
* * * LOW HITPOINT WARNING * * *
Your scale mail prevents you from hitting the worm.
The worm is almost dead.
The worm closely misses you.
Your shield and scale mail prevent you from hitting the worm.
The worm is severely wounded.
You block the worm's attack.
You hit the worm but do no damage.
The worm is severely wounded.
The worm bites you!
You die...

#.. ## #.. ......
+.. {$ ... #.##.# .#
#.. # #.#.. #.##.#
.# ##. #.##?#.#
#.##.# .# ## $.#..#
#.##.# <# #
.#.##.#.# #.##.###.#
......†.###........#
#w@.........#
####.###.##†# #.#
#.##.##### # #.#
#........# # #.#
####.###.### #..
...# #.... ### #####
#####


You could see a worm.

Vanquished Creatures
  Sigmund (D:2)
  3 adders (D:2)
  A dart slug (D:1)
  A leopard gecko (D:1)
  2 bats
  2 giant cockroaches
  2 goblins (D:2)
  4 hobgoblins
  2 jackals (D:1)
  3 frilled lizards (D:2)
  A kobold (D:2)
  2 rats (D:2)
24 creatures vanquished.

Notes
Turn   | Place    | Note
-------+----------+-------------------------------------------
     0 | D:1      | lynn the Formicid Fighter began the quest for the Orb.
     0 | D:1      | Reached XP level 1. HP: 18/18 MP: 1/1
   444 | D:1      | Reached XP level 2. HP: 24/24 MP: 2/2
   842 | D:2      | Reached XP level 3. HP: 30/30 MP: 3/3
   851 | D:2      | Noticed Sigmund
   867 | D:2      | Killed Sigmund
   867 | D:2      | Reached skill level 5 in Fighting
   867 | D:2      | Reached XP level 4. HP: 7/39 MP: 4/4
   867 | D:2      | Reached XP level 5. HP: 8/44 MP: 5/5
  1229 | D:2      | Found a burning altar of Makhleb.
  1238 | D:2      | Reached XP level 6. HP: 45/51 MP: 6/6
  1365 | D:2      | Slain by a worm

Vault maps used:
D:1:      co_arrival_square_in_a_square_in_a_square
D:2:      lemuel_crystal_altar, minmay_small_reverse_x, uniq_sigmund

Skill      XL: |  1  2  3 |
---------------+----------+-----
Fighting       | 5 |  5.4
Axes           | 4 |  4.3
Armour         | |  3.2
Shields        | |  3.6

Action                   |  1- 3 |  4- 6 || total
-------------------------+-------+-------++-------
Melee: War axe           |    57 |    51 ||   108
  Eat: Chunk             |       |     1 ||     1
Armor: Scale mail        |    34 |    19 ||    53
Dodge: Dodged            |    22 |    13 ||    35
Block: Shield            |    23 |    20 ||    43

Vault maps used:
D:1:      co_arrival_square_in_a_square_in_a_square
D:2:      lemuel_crystal_altar, minmay_small_reverse_x, uniq_sigmund
